[Event "Titled Tuesday Blitz March 15 Late 2022"]
[White "Ashiev, Eduard"]
[Black "Mickiewicz, Piotr"]
[WhiteFideId "4130090"]
[BlackFideId "1114891"]
[WhiteElo "2004"]
[BlackElo "2266"]
[Result "0-1"]
[Round "07"]
[TimeControl "180+1"]
[Date "2022.03.16"]
[WhiteClock "0:00:01"]
[BlackClock "0:00:04"]

1. d4 d5 2. c4 e6 3. Nf3 Nf6 4. Nc3 c6 5. e3 Nbd7 6. b3 Bd6 7. Bb2 O-O 8. Be2 dxc4 9. bxc4 e5 10. Qc2 exd4 11. exd4 Re8 12. O-O Nf8 13. Rad1 Bg4 14. Rfe1 Qc7 15. h3 Bh5 16. Ne5 Bxe5 17. dxe5 Bxe2 18. Rxe2 N6d7 19. f4 Rad8 20. Rde1 Nc5 21. Re3 Nfe6 22. Qf5 Rd4 23. Ne2 Rxc4 24. Rf1 Rd8 25. Ng3 Rd2 26. Bc1 Rdc2 27. Ree1 Nd4 28. Qg4 g6 29. Nh5 Kf8 30. Nf6 Nf5 31. Qg5 h6 32. Qg4 Kg7 33. Nh5+ Kf8 34. Nf6 Nd3 0-1


[Site "https://www.chess.com"]

[Event "Titled Tuesday Blitz March 15 Late 2022"]
[White "Aydin, Gulenay"]
[Black "Mogranzini, Roberto"]
[WhiteFideId "34557431"]
[BlackFideId "810894"]
[WhiteElo "1429"]
[BlackElo "2469"]
[Result "1/2-1/2"]
[Round "07"]
[TimeControl "180+1"]
[Date "2022.03.16"]
[WhiteClock "0:00:07"]
[BlackClock "0:00:12"]

1. e4 c5 2. Nf3 Nc6 3. Bb5 g6 4. O-O Bg7 5. Re1 Nf6 6. c3 O-O 7. d4 d5 8. e5 Ne4 9. Bxc6 bxc6 10. Nbd2 Nxd2 11. Bxd2 cxd4 12. cxd4 Qb6 13. b3 c5 14. dxc5 Qxc5 15. Be3 Qa5 16. Qd4 Bf5 17. Red1 e6 18. Bd2 Qa6 19. Bb4 Rfc8 20. h3 Bc2 21. Rdc1 Rc6 22. Qd2 Be4 23. Rxc6 Qxc6 24. Rc1 Qb7 25. Bd6 Bxf3 26. gxf3 Rc8 27. Kg2 a6 28. Rxc8+ Qxc8 29. Qa5 Bh6 30. a4 Bf4 31. b4 d4 32. b5 axb5 33. axb5 d3 34. b6 d2 35. Qa4 Kg7 36. h4 h6 37. Qb3 Qb7 38. Kh3 g5 39. hxg5 hxg5 40. Kg4 Qd5 41. Qxd5 exd5 42. b7 d1=Q 43. b8=Q Qg1+ 44. Kf5 Qxf2 45. Qf8+ Kh7 46. Qxf7+ Kh8 47. Qf6+ Kh7 48. Qg6+ Kh8 49. Qh6+ Kg8 50. Kf6 Qa7 51. Be7 Bxe5+ 52. Kxe5 Qxe7+ 53. Kf5 d4 54. Qg6+ Kf8 55. Qh6+ Ke8 56. Qc6+ Kf8 57. Qh6+ Ke8 58. Qc6+ Qd7+ 59. Qxd7+ Kxd7 60. Ke4 Ke6 61. Kxd4 Kf5 62. Ke3 g4 63. fxg4+ Kxg4 1/2-1/2


[Site "https://www.chess.com"]

[Event "Titled Tuesday Blitz March 15 Late 2022"]
[White "Babazada, Khazar"]
[Black "Hakobyan, Aram"]
[WhiteFideId "13413554"]
[BlackFideId "13306677"]
[WhiteElo "2830"]
[BlackElo "2948"]
[Result "1-0"]
[Round "07"]
[TimeControl "180+1"]
[Date "2022.03.15"]
[WhiteClock "0:00:12"]
[BlackClock "0:00:04"]

1. e4 c6 2. d4 d5 3. Nc3 dxe4 4. Nxe4 Nf6 5. Nxf6+ exf6 6. c3 Bf5 7. Bd3 Bxd3 8. Qxd3 Bd6 9. Ne2 O-O 10. O-O Qc7 11. h3 Nd7 12. b3 Rfe8 13. c4 Rad8 14. Qf3 Nf8 15. Be3 Qd7 16. Rad1 Ng6 17. Nc1 Nh4 18. Qg4 Qxg4 19. hxg4 Re4 20. g5 Rg4 21. g3 fxg5 22. d5 c5 23. Nd3 Bxg3 24. f3 Nf5 25. Bxc5 Rh4 26. Rde1 Bxe1 27. Rxe1 Rh3 28. Kg2 g4 29. fxg4 Rg3+ 30. Kf2 Rxd3 31. gxf5 b6 32. Bb4 h5 33. Rh1 g6 34. Be7 Rd7 35. d6 R3xd6 36. Bxd6 Rxd6 37. Ke3 Kg7 38. b4 Kf6 39. fxg6 fxg6 40. Ke4 Ke6 41. Rg1 Kd7 42. Ke5 Re6+ 43. Kd5 Rd6+ 44. Ke5 Kc7 45. a3 Kc6 46. Rg2 Kc7 47. Rg1 Kd7 48. Rg2 Re6+ 49. Kd5 Ke7 50. c5 Kd7 51. Rf2 bxc5 52. bxc5 Ra6 53. Rf7+ Ke8 54. Rg7 h4 55. c6 Kf8 56. Rb7 Rxa3 57. c7 Rc3 58. Rb8+ Kg7 59. c8=Q Rxc8 60. Rxc8 Kh6 61. Ke4 Kg5 62. Kf3 Kf5 63. Rc5+ Kf6 64. Ra5 g5 65. Rxa7 Kf5 66. Ra5+ Kf6 67. Kg4 h3 68. Kxh3 g4+ 69. Kxg4 1-0


[Site "https://www.chess.com"]

[Event "Titled Tuesday Blitz March 15 Late 2022"]
[White "Baches Garcia, Guillermo"]
[Black "Kadam, Om Manish"]
[WhiteFideId "2209764"]
[BlackFideId "45076294"]
[WhiteElo "2440"]
[BlackElo "1729"]
[Result "1-0"]
[Round "07"]
[TimeControl "180+1"]
[Date "2022.03.16"]
[WhiteClock "0:00:22"]
[BlackClock "0:00:56"]

1. e4 c6 2. Nf3 d5 3. Nc3 g6 4. d4 Bg7 5. h3 dxe4 6. Nxe4 Nf6 7. Nxf6+ exf6 8. Bc4 O-O 9. O-O Nd7 10. a4 Nb6 11. Bb3 Nd5 12. c3 Be6 13. Re1 Re8 14. Bd2 Qd7 15. a5 Rad8 16. c4 Nc7 17. Bc3 h6 18. Ba2 f5 19. Ne5 Qc8 20. b4 Kh7 21. Qf3 Na6 22. Rad1 Bf8 23. d5 cxd5 24. cxd5 Bd7 25. Nxf7 Rxe1+ 26. Rxe1 Re8 27. Rxe8 Qxe8 28. d6 Bc6 29. Qd3 Be4 30. Qd4 g5 31. Qh8+ Kg6 32. g4 fxg4 33. hxg4 Qxf7 34. Bxf7+ Kxf7 35. Qf6+ Ke8 36. Qe6+ Kd8 37. Bf6+ 1-0


[Site "https://www.chess.com"]

[Event "Titled Tuesday Blitz March 15 Late 2022"]
[White "Barp, Alberto"]
[Black "Tang, Andrew"]
[WhiteFideId "872555"]
[BlackFideId "2059630"]
[WhiteElo "2682"]
[BlackElo "2907"]
[Result "0-1"]
[Round "07"]
[TimeControl "180+1"]
[Date "2022.03.15"]
[WhiteClock "0:00:02"]
[BlackClock "0:00:10"]

1. d4 d5 2. c4 e6 3. Nf3 Nf6 4. g3 dxc4 5. Bg2 Nc6 6. Qa4 Bd7 7. Qxc4 Na5 8. Qd3 c5 9. Nc3 Bc6 10. O-O Be7 11. Rd1 O-O 12. Bf4 Qb6 13. Qc2 Bxf3 14. Bxf3 cxd4 15. Na4 Qb5 16. Rxd4 e5 17. Nc3 Qc5 18. Ra4 exf4 19. b4 Qc7 20. bxa5 Rac8 21. Rc1 fxg3 22. hxg3 b5 23. axb6 axb6 24. Qb3 Bc5 25. Kg2 Qe5 26. e3 Rfd8 27. Ne4 Nd7 28. Rac4 Rb8 29. Qc2 g6 30. Nc3 Nf6 31. Ne4 Nd7 32. Nc3 h5 33. Nd5 Qg5 34. Rf4 Ne5 35. Nf6+ Kg7 36. Ne4 Qe7 37. Nxc5 bxc5 38. Qxc5 Qxc5 39. Rxc5 Nd3 40. Rc7 Nxf4+ 41. exf4 Rb2 42. f5 Rdd2 43. fxg6 Rxf2+ 44. Kh3 Rxf3 45. gxf7 Rxf7 46. Rc5 Kg6 47. Rc6+ Rf6 0-1


[Site "https://www.chess.com"]

[Event "Titled Tuesday Blitz March 15 Late 2022"]
[White "Bortnyk, Olexandr"]
[Black "Chen, Justin"]
[WhiteFideId "14120828"]
[BlackFideId "2098199"]
[WhiteElo "2723"]
[BlackElo "2487"]
[Result "0-1"]
[Round "07"]
[TimeControl "180+1"]
[Date "2022.03.15"]
[WhiteClock "0:02:32"]
[BlackClock "0:00:02"]

1. e4 c6 2. d4 d5 3. Nc3 dxe4 4. Nxe4 Nf6 5. Nxf6+ exf6 6. c3 Bd6 7. Bd3 O-O 8. Qc2 Re8+ 9. Ne2 h5 10. O-O Nd7 11. Nf4 h4 12. Qd1 Qc7 13. Qh5 Bxf4 14. Qh7+ Kf8 15. Qh8+ Ke7 16. Re1+ Ne5 17. Qxg7 Be6 18. dxe5 Bxe5 19. Be3 c5 20. Bh7 Rad8 21. h3 b6 22. Re2 Qb8 23. Ree1 Rg8 24. Bxg8 Rxg8 25. Qh6 Rh8 26. Qg7 Rg8 27. Qh7 Bxh3 28. Kf1 Rxg2 29. Ke2 Qd6 30. Qxh4 Bg4+ 31. Kf1 Bf3 32. Rad1 Qc6 33. Bf4 Qb5+ 34. Re2 Qxe2# 0-1


[Site "https://www.chess.com"]

[Event "Titled Tuesday Blitz March 15 Late 2022"]
[White "Brunner, Nicolas"]
[Black "Krasteva, Beloslava"]
[WhiteFideId "620246"]
[BlackFideId "2922029"]
[WhiteElo "2372"]
[BlackElo "1689"]
[Result "1-0"]
[Round "07"]
[TimeControl "180+1"]
[Date "2022.03.16"]
[WhiteClock "0:00:13"]
[BlackClock "0:00:02"]

1. d4 Nf6 2. c4 e6 3. g3 d5 4. Bg2 Be7 5. Nf3 O-O 6. O-O dxc4 7. Qa4 a6 8. Qxc4 b5 9. Qc2 Bb7 10. Bd2 Be4 11. Qc1 Bb7 12. Bf4 Bd6 13. Nbd2 Bxf4 14. gxf4 Nbd7 15. Nb3 Rc8 16. Na5 Bd5 17. Nc6 Qe8 18. e3 Nb6 19. Nfe5 Bxg2 20. Kxg2 Nfd7 21. Qc2 f6 22. Nxd7 Qxd7 23. Qe4 Nc4 24. Rfc1 Nxb2 25. Na5 f5 26. Qc6 Qf7 27. Kh1 Nd3 28. Rf1 Nb4 29. Qc5 Nd5 30. Rac1 Qh5 31. Rg1 Qf3+ 32. Rg2 Rf6 33. Kg1 Qe2 34. Qc2 Qf3 35. Nc6 Rh6 36. Ne5 Qh5 37. Qc6 Nb4 38. Qd7 1-0


[Site "https://www.chess.com"]

[Event "Titled Tuesday Blitz March 15 Late 2022"]
[White "Cervantes Landeiro, Thalia"]
[Black "Matinian, Nikita"]
[WhiteFideId "3520498"]
[BlackFideId "24129100"]
[WhiteElo "2021"]
[BlackElo "2422"]
[Result "1/2-1/2"]
[Round "07"]
[TimeControl "180+1"]
[Date "2022.03.16"]
[WhiteClock "0:00:04"]
[BlackClock "0:00:03"]

1. d4 g6 2. c4 d6 3. Nc3 Bg7 4. e4 Nc6 5. Be3 e5 6. d5 Nd4 7. Nge2 Nxe2 8. Bxe2 h5 9. c5 Bh6 10. Bxh6 Nxh6 11. Bb5+ Kf8 12. cxd6 cxd6 13. O-O h4 14. h3 Ng8 15. Bd3 Nf6 16. Qd2 Nh5 17. Ne2 Bd7 18. Rac1 Kg7 19. f4 Qb6+ 20. Kh2 exf4 21. Nxf4 Qd4 22. Nxh5+ Rxh5 23. Qc3 Qxc3 24. Rxc3 Rb8 25. Rc7 Be8 26. Rfc1 Re5 27. Rc8 Rxc8 28. Rxc8 Re7 29. g3 Kf6 30. gxh4 Ke5 31. Kg3 Kd4 32. Bc2 Bb5 33. Rc3 a5 34. Kf4 a4 35. Ra3 b6 36. Rc3 Bc4 37. a3 b5 38. Re3 f5 39. Re1 Kc5 40. Rd1 Rh7 41. exf5 gxf5 42. Bxf5 Rxh4+ 43. Kg5 Rh8 44. h4 Rg8+ 45. Kf6 Rf8+ 46. Kg5 Bxd5 47. Rc1+ Kd4 48. Rd1+ Kc5 49. Rc1+ Bc4 50. h5 Rg8+ 51. Kf6 Rh8 52. Bg6 d5 53. Kg7 Rb8 54. h6 b4 55. axb4+ Kxb4 56. h7 Kb3 57. Rc2 d4 58. h8=Q Rxh8 59. Kxh8 Bf7 60. Bd3 Bd5 61. Kg7 Kb4 62. Kf6 Bb3 63. Rd2 a3 64. bxa3+ Kc3 65. Rf2 Kxd3 66. Ke5 Kc3 67. Ke4 d3 68. Ke3 Bc2 69. Rd2 Kb3 70. Rf2 Kxa3 71. Kd2 Kb2 72. Rf4 Kb3 73. Rf8 Ka3 74. Rb8 Ka4 75. Kc3 Ka5 76. Kd2 Ka6 77. Rd8 Kb5 78. Rxd3 Bxd3 1/2-1/2


[Site "https://www.chess.com"]

[Event "Titled Tuesday Blitz March 15 Late 2022"]
[White "Chiku-Ratte, Olivier-Kenta"]
[Black "Urbina Perez, Juan Antonio"]
[WhiteFideId "2614782"]
[BlackFideId "2217368"]
[WhiteElo "2324"]
[BlackElo "2192"]
[Result "1-0"]
[Round "07"]
[TimeControl "180+1"]
[Date "2022.03.16"]
[WhiteClock "0:02:09"]
[BlackClock "0:01:37"]

1. d4 d5 2. Nf3 Nf6 3. c4 c6 4. e3 e6 5. Nc3 Nbd7 6. Bd3 dxc4 7. Bxc4 b5 8. Bd3 Bd6 9. O-O O-O 10. e4 e5 11. dxe5 Nxe5 12. Nxe5 Bxe5 13. h3 b4 14. Ne2 Bc7 15. Qc2 h6 16. Be3 Bb7 17. Bc5 Re8 18. Bxb4 Bb6 19. Bc3 c5 20. Rad1 Qe7 21. Ng3 Rac8 22. Nf5 Qe6 23. e5 c4 24. exf6 cxd3 25. Qxd3 Be4 26. Qg3 g6 27. Ne7+ Rxe7 28. fxe7 Qxe7 29. Rfe1 Re8 30. Qf4 Kh7 31. Rxe4 1-0


[Site "https://www.chess.com"]

[Event "Titled Tuesday Blitz March 15 Late 2022"]
[White "Chiu, Isaac"]
[Black "Fiorito, Fabian"]
[WhiteFideId "30900654"]
[BlackFideId "100200"]
[WhiteElo "2117"]
[BlackElo "2395"]
[Result "0-1"]
[Round "07"]
[TimeControl "180+1"]
[Date "2022.03.16"]
[WhiteClock "0:00:06"]
[BlackClock "0:00:27"]

1. Nf3 Nf6 2. g3 g6 3. Bg2 Bg7 4. O-O O-O 5. c4 c6 6. b3 d5 7. Bb2 Nbd7 8. d3 b6 9. Nbd2 Bb7 10. Qc2 e6 11. a3 c5 12. b4 d4 13. Nb3 Qc7 14. e3 e5 15. exd4 exd4 16. Bc1 Nh5 17. Bg5 Rfe8 18. Rfe1 h6 19. Bd2 f5 20. Nh4 Bxg2 21. Kxg2 Kh7 22. a4 Qc6+ 23. Kg1 Ndf6 24. a5 Ng4 25. axb6 axb6 26. Rxa8 Rxa8 27. bxc5 bxc5 28. h3 Ne5 29. f4 Nf7 30. Kh2 Bf6 31. Ng2 Qf3 32. Nxc5 Qxg3+ 33. Kg1 Rc8 34. Nd7 Bg7 35. Re7 Kg8 36. Be1 Qf3 37. Qf2 Qxh3 38. Ne5 Nxe5 39. fxe5 Qxd3 40. e6 Qxc4 41. Nh4 d3 42. Qg2 Qg4 43. Nxg6 Bd4+ 44. Kh1 Rc1 45. Qxg4 Rxe1+ 46. Kg2 fxg4 47. Rd7 d2 48. Ne7+ Kg7 49. Nf5+ Kf6 50. Rxd4 Kxf5 51. Rxd2 Rxe6 52. Rf2+ Kg5 53. Ra2 Nf4+ 54. Kg3 Re3+ 55. Kf2 Rf3+ 56. Kg1 h5 57. Ra5+ Kh4 58. Ra2 Kg3 59. Rh2 h4 60. Rh1 Ne2# 0-1


[Site "https://www.chess.com"]

[Event "Titled Tuesday Blitz March 15 Late 2022"]
[White "Costachi, Mihnea"]
[Black "Riehle, Marco"]
[WhiteFideId "1217518"]
[BlackFideId "12904392"]
[WhiteElo "2802"]
[BlackElo "2603"]
[Result "1/2-1/2"]
[Round "07"]
[TimeControl "180+1"]
[Date "2022.03.15"]
[WhiteClock "0:00:17"]
[BlackClock "0:00:07"]

1. d4 d5 2. c4 e6 3. Nc3 c5 4. e3 cxd4 5. exd4 Nf6 6. Nf3 Be7 7. cxd5 Nxd5 8. Bd3 O-O 9. O-O Nc6 10. Ne4 b6 11. Bg5 Bb7 12. Rc1 Rc8 13. Bb1 h6 14. Bxe7 Qxe7 15. a3 Rfd8 16. Re1 Na5 17. Qd3 Nf4 18. Qe3 Nd5 19. Qe2 Rxc1 20. Rxc1 Nc6 21. Nc3 Nf6 22. Rd1 Qc7 23. h3 Qf4 24. Qe3 Qxe3 25. fxe3 Na5 26. Ne5 Nd7 27. Nd3 Nc4 28. Ba2 Nxe3 29. Rd2 Kf8 30. Nf4 Ke7 31. Re2 Nf5 32. d5 Nf8 33. dxe6 fxe6 34. Nxe6 Nxe6 35. Rxe6+ Kf8 36. Re5 Nd4 37. Re1 Rd7 38. Rf1+ Ke8 39. Bc4 Re7 40. Rd1 Rd7 41. Kh2 a6 42. Re1+ Re7 43. Rd1 Rd7 44. Bd3 Kd8 45. Bg6 Kc7 46. Re1 b5 47. Re8 a5 48. Rg8 b4 49. axb4 axb4 50. Ne4 Ne6 51. Bf5 Bxe4 52. Bxe6 Re7 53. Bc4 Kb6 54. g4 Kc5 55. Rc8+ Kd4 56. Kg3 Bd5 57. Bb5 Be4 58. Rc4+ Kd5 59. Rxb4 Kc5 60. Rb3 Bd5 61. Rd3 Be4 62. Rb3 Bd5 63. Rd3 Be4 64. Rb3 1/2-1/2


[Site "https://www.chess.com"]

[Event "Titled Tuesday Blitz March 15 Late 2022"]
[White "Deac, Bogdan-Daniel"]
[Black "Bluebaum, Matthias"]
[WhiteFideId "1226380"]
[BlackFideId "24651516"]
[WhiteElo "3049"]
[BlackElo "2915"]
[Result "1/2-1/2"]
[Round "07"]
[TimeControl "180+1"]
[Date "2022.03.15"]
[WhiteClock "0:00:04"]
[BlackClock "0:00:14"]

1. d4 Nf6 2. c4 e6 3. Nf3 d5 4. g3 Bb4+ 5. Bd2 a5 6. Bg2 O-O 7. Qc2 Be7 8. Bf4 c6 9. Nbd2 Nh5 10. Be3 Nd7 11. O-O b6 12. cxd5 cxd5 13. Ne5 Bb7 14. Nc6 Qe8 15. Nxe7+ Qxe7 16. Rfc1 Rfc8 17. Qd1 Nhf6 18. Rxc8+ Rxc8 19. Rc1 Qd8 20. Bf4 Ba6 21. Bf1 h6 22. h4 Nf8 23. Nf3 Ng6 24. Be3 Ne4 25. Rxc8 Qxc8 26. Qc1 Qxc1 27. Bxc1 Bc4 28. a3 h5 29. Nd2 Nxd2 30. Bxd2 Ne7 31. Bf4 Nc6 32. Bc7 Nxd4 33. Bxb6 Nb3 34. f3 a4 35. Kf2 d4 36. g4 g6 37. gxh5 gxh5 38. f4 f6 39. Bg2 Bb5 40. Bf3 Be8 41. Be4 Kg7 42. Bc2 e5 43. fxe5 fxe5 44. e3 Bg6 45. Bxb3 axb3 46. exd4 exd4 47. Bxd4+ Kf7 48. Ke3 Ke6 49. a4 Be8 50. a5 Bb5 51. Kf4 Ba6 52. Kg5 Be2 53. Bc3 Kd5 54. a6 Bxa6 55. Kxh5 Ke6 56. Kg6 Bd3+ 57. Kg7 Be2 58. Bd4 Kf5 59. Bc3 Bd1 60. Be1 Be2 61. Bc3 Bf3 62. Bf6 Bg4 63. Bc3 Bd1 64. Bf6 Be2 65. Bc3 1/2-1/2


[Site "https://www.chess.com"]

[Event "Titled Tuesday Blitz March 15 Late 2022"]
[White "Donatti, Alvaro"]
[Black "Clawitter, Craig"]
[WhiteFideId "3000303"]
[BlackFideId "2023105"]
[WhiteElo "2138"]
[BlackElo "2226"]
[Result "0-1"]
[Round "07"]
[TimeControl "180+1"]
[Date "2022.03.16"]
[WhiteClock "0:02:45"]
[BlackClock "0:02:03"]

1. e4 e6 2. d4 d5 3. e5 c5 4. c3 Qb6 5. Nf3 Nc6 6. Be2 Nh6 7. O-O cxd4 8. Bxh6 Qxb2 9. Bxg7 Bxg7 10. Nbd2 dxc3 11. Nb1 Qxa1 12. Qb3 Qb2 13. Nxc3 Qxb3 0-1


[Site "https://www.chess.com"]

[Event "Titled Tuesday Blitz March 15 Late 2022"]
[White "Donchenko, Alexander"]
[Black "Ozates, Tuna"]
[WhiteFideId "24603295"]
[BlackFideId "6354521"]
[WhiteElo "2539"]
[BlackElo "1887"]
[Result "1/2-1/2"]
[Round "07"]
[TimeControl "180+1"]
[Date "2022.03.16"]
[WhiteClock "0:01:33"]
[BlackClock "0:00:14"]

1. e4 c5 2. Nf3 Nc6 3. Bb5 g6 4. Bxc6 bxc6 5. d4 Bg7 6. dxc5 Ba6 7. Nbd2 Qa5 8. c3 Qxc5 9. Qa4 Qb5 10. Qxb5 cxb5 11. Nb3 d6 12. Bf4 Bb7 13. Nfd2 Nf6 14. f3 a5 15. a4 b4 16. cxb4 axb4 17. O-O Nd7 18. Nc4 Ba6 19. Rfc1 Bxc4 20. Rxc4 Bxb2 21. Ra2 Bc3 22. a5 O-O 23. Rc7 Rfd8 24. Bd2 Bxd2 25. Rxd2 Nc5 26. Nxc5 dxc5 27. Rxd8+ Rxd8 28. Rxc5 b3 29. Rb5 Ra8 30. Kf2 b2 31. Rxb2 Rxa5 32. Ke3 e6 33. Kf4 Kg7 34. h4 h5 35. Rd2 Rb5 36. Ke3 Rb3+ 37. Kd4 Rb4+ 38. Kc5 Rb1 39. Kd6 Rh1 40. Ke7 Rxh4 41. Ke8 Rf4 42. Ke7 g5 43. Rd3 g4 44. Kd6 g3 45. Ke5 Rh4 46. f4 Rg4 47. f5 exf5 48. Kxf5 Rg6 49. Rd1 Kh6 50. Rh1 Rg5+ 51. Kf6 Rg4 52. Kf5 Rg5+ 53. Kf6 Rg4 54. Kf5 Rg5+ 1/2-1/2


[Site "https://www.chess.com"]

[Event "Titled Tuesday Blitz March 15 Late 2022"]
[White "Drozdowski, Kacper"]
[Black "Srihari L R"]
[WhiteFideId "1136720"]
[BlackFideId "46617116"]
[WhiteElo "2932"]
[BlackElo "2793"]
[Result "1-0"]
[Round "07"]
[TimeControl "180+1"]
[Date "2022.03.15"]
[WhiteClock "0:01:04"]
[BlackClock "0:00:03"]

1. e4 c5 2. Nf3 Nc6 3. d4 cxd4 4. Nxd4 e6 5. Nc3 Qc7 6. Be3 a6 7. Be2 Nf6 8. O-O Be7 9. f4 d6 10. Kh1 Bd7 11. Qe1 b5 12. a3 Na5 13. Qg3 Nc4 14. Bxc4 Qxc4 15. Rad1 g6 16. Qf3 O-O 17. e5 dxe5 18. fxe5 Nh5 19. Bh6 Ng7 20. Ne4 Rad8 21. b3 Qc7 22. Nf6+ Kh8 23. Qh3 Bxf6 24. exf6 Nh5 25. Bxf8 Rxf8 26. Qh4 e5 27. Nf3 Bc6 28. Qg5 e4 29. Qh6 Rg8 30. Ng5 Nxf6 31. Rxf6 Rg7 32. Nxh7 e3 33. Ng5+ Kg8 34. Re1 Bxg2+ 35. Kxg2 Qxc2+ 36. Kg1 Qd2 37. Qh4 e2 38. Nxf7 Rxf7 39. Rxf7 Kxf7 40. Qf2+ Kg7 41. Qxe2 Qg5+ 42. Kh1 Qd5+ 43. Qe4 Qxb3 44. Qe5+ Kh7 45. Qe7+ Kh6 46. Qe3+ Qxe3 47. Rxe3 1-0


[Site "https://www.chess.com"]

[Event "Titled Tuesday Blitz March 15 Late 2022"]
[White "Elissalt Cardenas, Hector"]
[Black "Chyngyz, Sultai"]
[WhiteFideId "3500632"]
[BlackFideId "13803158"]
[WhiteElo "2159"]
[BlackElo "1365"]
[Result "1-0"]
[Round "07"]
[TimeControl "180+1"]
[Date "2022.03.16"]
[WhiteClock "0:01:12"]
[BlackClock "0:01:04"]

1. d4 Nf6 2. c4 g6 3. Nc3 Bg7 4. e4 d6 5. Nge2 O-O 6. Ng3 e5 7. d5 a5 8. Be2 Na6 9. Bg5 Nc5 10. Qd2 a4 11. h4 h5 12. f4 exf4 13. Qxf4 Bg4 14. O-O Bxe2 15. Ngxe2 Ncd7 16. c5 Kh7 17. c6 1-0


[Site "https://www.chess.com"]

[Event "Titled Tuesday Blitz March 15 Late 2022"]
[White "Estrada Nieto, Julian"]
[Black "Kohler, Aran"]
[WhiteFideId "5101018"]
[BlackFideId "1002856"]
[WhiteElo "2246"]
[BlackElo "2287"]
[Result "1-0"]
[Round "07"]
[TimeControl "180+1"]
[Date "2022.03.16"]
[WhiteClock "0:00:29"]
[BlackClock "0:00:01"]

1. e4 c5 2. Nf3 d6 3. Bb5+ Bd7 4. Bxd7+ Qxd7 5. O-O e6 6. Re1 Nc6 7. c3 Nf6 8. d4 d5 9. e5 Ne4 10. Nbd2 Nxd2 11. Bxd2 cxd4 12. cxd4 Be7 13. Rc1 O-O 14. Rc3 Rac8 15. a3 f6 16. exf6 Bxf6 17. Bf4 Bxd4 18. Nxd4 Rxf4 19. Nxe6 Rf6 20. Nc5 Qf7 21. Re2 d4 22. Rc1 Re8 23. Nd3 Rxe2 24. Qxe2 Re6 25. Qg4 h5 26. Qg5 Rg6 27. Qf4 Qd5 28. f3 h4 29. Qe4 Qxe4 30. fxe4 Re6 31. Re1 g5 32. h3 Kg7 33. Kf2 Kg6 34. Kf3 Ne5+ 35. Nxe5+ Rxe5 36. Rd1 Rb5 37. b4 Rb6 38. Rxd4 Rf6+ 39. Ke3 Rf1 40. Rd6+ Kh5 41. Rd7 Re1+ 42. Kf3 Rf1+ 43. Ke2 Rg1 44. Kf2 Ra1 45. Rxb7 Rxa3 46. Rh7+ Kg6 47. Rb7 Kf6 48. Rb5 Ra2+ 49. Kf3 Ra3+ 50. Kf2 Ra2+ 51. Kg1 Ra1+ 52. Kh2 Ra2 53. Rf5+ Kg6 54. Ra5 Rb2 55. Ra6+ Kh5 56. Rxa7 Rxb4 57. Re7 g4 58. Rh7+ Kg6 59. Rxh4 gxh3 60. Kxh3 Kg5 61. Rg4+ Kh5 62. g3 Rb1 63. Rf4 Rh1+ 64. Kg2 Re1 65. Kf2 Ra1 66. Kf3 Kg5 67. Rf5+ Kg6 68. Kf4 Rf1+ 69. Kg4 1-0


[Site "https://www.chess.com"]

[Event "Titled Tuesday Blitz March 15 Late 2022"]
[White "Farmani Anosheh, Armin"]
[Black "Sokolovsky, Yahli"]
[WhiteFideId "24613240"]
[BlackFideId "2820242"]
[WhiteElo "2289"]
[BlackElo "1770"]
[Result "0-1"]
[Round "07"]
[TimeControl "180+1"]
[Date "2022.03.16"]
[WhiteClock "0:00:08"]
[BlackClock "0:00:09"]

1. e4 g6 2. d4 Bg7 3. c4 d6 4. Nc3 Nf6 5. f3 e5 6. Nge2 Nc6 7. d5 Ne7 8. Be3 Nd7 9. Qd2 f5 10. Nc1 f4 11. Bf2 a5 12. Nd3 b6 13. g3 O-O 14. gxf4 exf4 15. Nxf4 Ne5 16. Be2 Bh6 17. Be3 g5 18. Rg1 Kh8 19. Ne6 Bxe6 20. dxe6 Nxf3+ 21. Bxf3 Rxf3 22. Bxg5 Bxg5 23. Qxg5 Ng6 24. Qh5 Qf6 25. O-O-O c6 26. Rxg6 Rxc3+ 27. bxc3 Qxc3+ 28. Kb1 Qb4+ 29. Kc2 Qxc4+ 30. Kd2 Qd4+ 31. Kc1 Qc4+ 32. Kb1 Qxe4+ 33. Kc1 Qxg6 34. Qxg6 hxg6 35. Rxd6 Kg7 36. Rxc6 Rb8 37. Kc2 Kf6 38. Kd3 b5 39. Kd4 b4 40. Kc4 a4 0-1


[Site "https://www.chess.com"]

[Event "Titled Tuesday Blitz March 15 Late 2022"]
[White "Fier, Alexandr"]
[Black "Meduri, Aakaash"]
[WhiteFideId "2107139"]
[BlackFideId "2032252"]
[WhiteElo "2571"]
[BlackElo "2096"]
[Result "0-1"]
[Round "07"]
[TimeControl "180+1"]
[Date "2022.03.16"]
[WhiteClock "0:02:02"]
[BlackClock "0:00:11"]

1. e3 b6 2. b3 Bb7 3. Bb2 Nf6 4. f4 c5 5. Nf3 e6 6. Be2 Be7 7. O-O d5 8. Qe1 O-O 9. Qg3 Nc6 10. d3 Kh8 11. Nbd2 Rg8 12. Qh3 Qf8 13. Ng5 h6 14. Ndf3 Nd7 15. Nh4 Bf6 16. Bxf6 gxf6 17. Ngf3 Nb4 18. Rfc1 Qg7 19. a3 Nc6 20. g3 Ne7 21. Ng2 f5 22. a4 a5 23. Bf1 Nf6 24. Ne5 Ng4 25. Nxg4 fxg4 26. Qh5 Nf5 27. Re1 Rad8 28. Rac1 Kh7 29. Nh4 Nxh4 30. Qxh4 f5 31. Bg2 Rd7 32. Kf1 Qc3 33. Kf2 Qd2+ 34. Kf1 Qc3 35. Re2 Ba6 36. Kf2 Bxd3 37. Ree1 Qd2+ 38. Kg1 Be4 39. Bf1 Qc3 40. Red1 Rgg7 41. Re1 d4 42. exd4 Qxd4+ 43. Re3 Qxe3# 0-1


[Site "https://www.chess.com"]

[Event "Titled Tuesday Blitz March 15 Late 2022"]
[White "Fishbein, Mitch"]
[Black "Dauner, Benedikt"]
[WhiteFideId "30922917"]
[BlackFideId "16225899"]
[WhiteElo "1939"]
[BlackElo "2230"]
[Result "1/2-1/2"]
[Round "07"]
[TimeControl "180+1"]
[Date "2022.03.16"]
[WhiteClock "0:00:51"]
[BlackClock "0:00:44"]

1. d4 Nc6 2. Nf3 Nf6 3. Bf4 d6 4. e3 Bf5 5. c3 h6 6. h3 e6 7. Nbd2 Be7 8. Be2 O-O 9. O-O Ne4 10. Nxe4 Bxe4 11. Bd3 Bxd3 12. Qxd3 Bf6 13. e4 e5 14. dxe5 Nxe5 15. Nxe5 Bxe5 16. Bxe5 dxe5 17. Qxd8 Rfxd8 18. Rfd1 Kf8 19. Kf1 Ke7 20. Ke2 c6 21. Rxd8 Rxd8 22. Rd1 Ra8 23. a4 a5 24. c4 Ra6 25. b3 Rb6 26. Rd3 Ra6 27. Kd2 Ra8 28. Kc3 b6 29. c5 Rb8 30. cxb6 Rxb6 31. f3 Rb4 32. h4 g6 33. Rd1 Ke8 34. Rd6 Rb6 35. Rd1 Rb4 36. Rd6 Rb6 37. Rd1 Ke7 38. Rd2 Rb4 39. Rd1 h5 40. Rd2 f6 41. g3 Rb6 42. Rg2 Rb8 43. Rd2 Rg8 44. Kc4 g5 45. Kc5 gxh4 46. gxh4 Rg3 47. Rd3 Rh3 48. Kxc6 Rxh4 49. b4 axb4 50. a5 Rh2 51. a6 Ra2 52. Kb7 h4 53. a7 h3 54. a8=Q Rxa8 55. Kxa8 f5 56. Kb7 Kf6 57. Kc6 Kg5 58. exf5 Kxf5 59. Kd5 Kf4 60. Rb3 h2 61. Rxb4+ Kxf3 62. Rb3+ Kg2 63. Rb2+ Kg3 64. Rxh2 Kxh2 65. Kxe5 1/2-1/2


[Site "https://www.chess.com"]

[Event "Titled Tuesday Blitz March 15 Late 2022"]
[White "Foisor, Sabina-Francesca"]
[Black "Torres Hernandez, Leslie Carolin"]
[WhiteFideId "1212915"]
[BlackFideId "8400504"]
[WhiteElo "2243"]
[BlackElo "1920"]
[Result "0-1"]
[Round "07"]
[TimeControl "180+1"]
[Date "2022.03.16"]
[WhiteClock "0:00:03"]
[BlackClock "0:00:14"]

1. d4 Nf6 2. c4 e6 3. Nf3 Bb4+ 4. Bd2 Bxd2+ 5. Qxd2 b6 6. Nc3 Bb7 7. e3 d6 8. Be2 Nbd7 9. O-O Qe7 10. b4 O-O 11. a4 a5 12. b5 e5 13. Qc2 Rfe8 14. Rfe1 Rac8 15. Rac1 g6 16. h3 Kg7 17. Nd2 Rg8 18. Bf3 Bxf3 19. Nxf3 e4 20. Nd2 Rce8 21. Nd5 Qd8 22. f3 exf3 23. Nxf3 Ne4 24. Nd2 f5 25. Nxe4 Rxe4 26. Nc3 Re7 27. e4 Rge8 28. Qd2 fxe4 29. Nd5 Re6 30. Re3 Nf6 31. Nf4 R6e7 32. Rce1 Qd7 33. d5 Qf5 34. Ne6+ Rxe6 35. dxe6 Rxe6 36. Qf2 Qc5 37. Rc3 Qe5 38. Rg3 Nh5 39. Rge3 Nf6 40. Kh1 Qd4 41. Rf1 Qxc4 42. Re2 Qxa4 43. Rc2 e3 44. Rxc7+ Kg8 45. Rc8+ Kg7 46. Qf3 Qe4 47. Qe2 Nh5 0-1


[Site "https://www.chess.com"]